 Dungeon Crawl Stone Soup version 0.27-a0-1358-ga0a28fc8c3 (webtiles) character file.

Game seed: 13564568509202580174

144 Delamore the Sneak (level 5, -4/36 HPs)
             Began as an Octopode Brigand on June 28, 2021.
             Slain by a hound (5 damage)
             ... on level 5 of the Dungeon.
             The game lasted 00:03:12 (3114 turns).

Delamore the Sneak (Octopode Brigand)               Turns: 3114, Time: 00:03:12

Health: -4/36      AC:  1    Str: 10    XL:     5   Next: 27%
Magic:  5/5        EV: 13    Int: 14    God:
Gold:   161        SH:  0    Dex: 18    Spells: 4/4 levels left

rFire    . . .     SeeInvis .   d - +2 quick blade of Blood {pain, Dex+4 Stlth+}
rCold    . . .     Faith    .   (no shield)
rNeg     . . .     Spirit   .   (helmet restricted)
rPois    .         Reflect  .   (no amulet)
rElec    .         Harm     .   h - ring of resist corrosion
rCorr    +         Rampage  .   (no ring)
Will     .....                  (no ring)
Stlth    ++++++....             (no ring)
HPRegen  0.12/turn              (no ring)
MPRegen  0.09/turn              (no ring)
                                (no ring)
                                (no ring)

@: no status effects
A: almost no armour, amphibious, 8 rings, camouflage 1, gelatinous body 1,
(nimble swimmer 1), tentacles
a: no special abilities


You were on level 5 of the Dungeon.
You visited 1 branch of the dungeon, and saw 6 of its levels.

You collected 161 gold pieces.

Inventory:

Hand Weapons
 a - a +3 dagger
 d - the +2 quick blade of Blood (weapon) {pain, Dex+4 Stlth+}
   (You acquired it on level 3 of the Dungeon)

   In the hands of one skilled in necromantic magic, it inflicts extra damage on
   living creatures.
   Dex:       It affects your dexterity (+4).
   Stlth:     It makes you more stealthy.
Missiles
 b - 8 poisoned darts (quivered)
 c - 2 curare-tipped darts
Jewellery
 h - a ring of resist corrosion (left tentacle)
 k - an amulet of faith
Wands
 l - a wand of polymorph (6)
Scrolls
 e - a scroll of enchant weapon
 f - a scroll of vulnerability
 i - a scroll of brand weapon {unknown}
 j - a scroll of identify
Potions
 g - 2 potions of magic
 m - a potion of haste


   Skills:
 + Level 3.4 Fighting
 + Level 3.4 Short Blades
 - Level 2.0 Throwing
 - Level 1.0 Dodging
 + Level 6.6 Stealth


You had 4 spell levels left.
You didn't know any spells.
Your spell library contained the following spells:

 Spells                   Type           Power      Damage    Failure   Level
 Magic Dart               Conj           0%         1d3       28%         1
 Blink                    Tloc           N/A        N/A       41%         2
 Call Imp                 Summ           0%         N/A       41%         2
 Slow                     Hex            0%         N/A       41%         2
 Conjure Flame            Conj/Fire      0%         6-21      65%         3
 Mephitic Cloud           Conj/Pois/Air  0%         N/A       65%         3


Dungeon Overview and Level Annotations

Branches:
Dungeon (6/15)
 Temple: D:4-7

Altars:
Ashenzari
Xom


Innate Abilities, Weirdness & Mutations

You cannot wear most types of armour.
You are amphibious.
You can wear up to eight rings at the same time.
Your skin changes colour to match your surroundings (Stealth+).
Your rubbery body absorbs attacks. (AC +1, EV +1)
((You are camouflaged near water. (Stealth+)))
You have tentacles for arms and can constrict up to eight enemies at once.


Message History

There is a stone staircase leading up here.
Okay, then.
You fall into a shaft and drop 2 floors!
The shaft crumbles and collapses.
Found 6 gold pieces.
Found 12 bolts.
You now have 161 gold pieces (gained 6).
There are no items here.
Found a stone staircase leading up.
There is a stone staircase leading up here.
You climb upwards.
Found a silver ring and a mace.
There is a stone staircase leading down here.
h - a ring of resist corrosion
There are no items here.
h - a ring of resist corrosion (left tentacle)
Found a scroll of identify.
Found a stone staircase leading down.
j - a scroll of identify
There are no items here.
An ogre comes into view. It is wielding a +0 giant club.
Found 6 gold pieces.
A hound comes into view.
The ogre shouts!
The hound barks!
You hit the ogre.
The ogre is lightly wounded.
The ogre misses you.
You barely miss the ogre.
The ogre is lightly wounded.
You hit the ogre.
The ogre is lightly wounded.
You hit the ogre.
The ogre is moderately wounded.
The ogre hits you with a +0 giant club!!
Ouch! That really hurt!
* * * LOW HITPOINT WARNING * * *
The hound barely misses you. The hound barely misses you.
There is a stone staircase leading down here.
The hound bites you.
You die...

##.....#.$...#
##.............#
#...............
#...............
#...............
#...............
#...............
#...............
###..@hO........#
#........#.....##
#.##########.###
##########.# .#
#......)...# #
#>.........#
#..........#
#..........#
#..........#


You could see an ogre and a hound.

Vanquished Creatures
  An iguana (D:3)
  A gnoll (D:1)
  3 adders (D:2)
  A worm (D:2)
  3 dart slugs
  An orc (D:3)
  3 ball pythons
  10 endoplasms
  3 giant cockroaches (D:1)
  4 goblins
  7 hobgoblins
  4 jackals
  5 kobolds
  3 quokkas
  5 bats
  3 frilled lizards
  9 rats
66 creatures vanquished.

Notes
Turn   | Place    | Note
-------+----------+-------------------------------------------
     0 | D:1      | Delamore the Octopode Brigand began the quest for the Orb.
     0 | D:1      | Reached XP level 1. HP: 14/14 MP: 1/1
   145 | D:1      | Reached XP level 2. HP: 19/19 MP: 2/2
   348 | D:1      | Reached XP level 3. HP: 16/25 MP: 3/3
  1017 | D:1      | Reached skill level 6 in Stealth
  1067 | D:1      | Found a faded altar of an unknown god.
  1555 | D:2      | Reached XP level 4. HP: 31/31 MP: 4/4
  1940 | D:2      | Found a broken altar of Ashenzari.
  2630 | D:3      | Found a shimmering altar of Xom.
  2693 | D:3      | Reached XP level 5. HP: 36/36 MP: 5/5
  2980 | D:3      | Identified a scroll of acquirement
  2980 | D:3      | Acquired the +2 quick blade of Blood {pain, Dex+4 Stlth+}
  3001 | D:4      | You fall into a shaft and drop 2 floors!
  3084 | D:5      | Entered Level 5 of the Dungeon
  3103 | D:5      | Noticed an ogre
  3110 | D:5      | HP: 1/36 [ogre (35)]
  3114 | D:5      | Slain by a hound

Illustrated notes

Levels and vault maps discovered:
D:1:      onia_arrival_handbag, layout_basic, basic_ecumenical_altar
D:2:      layout_basic, basic_altar
D:3:      layout_loops_ring, lemuel_doored_altar
D:4:      layout_cave_pools, nicolae_overflow_crystal_walls, enter_ossuary_2,
          dk_noncrumbling_3, minmay_mini_ossuary
D:5:      layout_rooms, feat_on_display, uniq_prince_ribbit1, uniq_menkaure
D:6:      layout_loops_corners, overflow_temple_1_default,
          minmay_temple_entry_drinking_statues, chequers_jeans,
          minmay_large_rounded_square, hangedman_abyss_or_decor_stabs,
          kennysheep_generic_room_11, uniq_pikel, uniq_grinder, uniq_maggie,
          uniq_duvessa

Skill      XL: |  1  2  3  4 |
---------------+-------------+-----
Stealth        | 6 |  6.6
Fighting       | 3 |  3.4
Short Blades   | 3 |  3.4
Throwing       | |  2.0
Dodging        | |  1.0

Action                   |  1- 3 |  4- 6 || total
-------------------------+-------+-------++-------
Melee: Dagger            |    62 |    55 ||   117
       Constrict         |    15 |    11 ||    26
       Tentacles         |     6 |     3 ||     9
       Quick blade       |       |     4 ||     4
  Use: Scroll            |       |     8 ||     8
 Stab: Sleeping          |    13 |     9 ||    22
       Distracted        |     1 |       ||     1
Armor: Skin              |     3 |     1 ||     4
Dodge: Dodged            |    21 |    25 ||    46

Table legend: (Time is in decaauts)
 A = Elapsed time spent in this place.
 B = Non-inter-level travel time spent in this place.
 C = Inter-level travel time spent in this place.
 D = Time resting spent in this place.
 E = Time spent auto-exploring this place.
 F = Levels seen in this place.
 G = Mean time per level.
                   A        B        C        D        E       F      G
               +--------+--------+--------+--------+--------+-----+--------+
         Total |   3093 |   3004 |     89 |    174 |   2370 |   6 |  515.5 |
       Dungeon |   3093 |   3004 |     89 |    174 |   2370 |   6 |  515.5 |
               +--------+--------+--------+--------+--------+-----+--------+

Top non-repeatable levels by time:
     D:1: 1535 daAuts
     D:2: 786 daAuts
     D:3: 659 daAuts
     D:6: 82 daAuts
     D:5: 27 daAuts
     D:4: 1 daAuts
